 Dungeon Sprint DCSS version 0.21.1-1-g345015f (webtiles) character file.

13090 sanboga the Severer (level 11, -5/151 HPs)
             Began as a Demonspawn Monk on Feb 13, 2018.
             Was the Champion of Trog.
             Slain by a stone giant (22 damage)
             ... in the Dungeon (Sprint V: "Ziggurat Sprint").
             The game lasted 00:06:53 (890 turns).

sanboga the Severer (Demonspawn Monk)                Turns: 890, Time: 00:06:54

Health: -5/151     AC: 37    Str: 34    XL:     11   Next: 71%
Magic:  11/11      EV: 10    Int: 21    God:    Trog [******]
Gold:   0          SH:  0    Dex: 16    Spells: 10/10 levels left

rFire    . . .     SeeInvis +   B - +6 battleaxe "Saga" {venom, MR+ Int+7}
rCold    . . .     Gourm    .   (shield currently unavailable)
rNeg     . . .     Faith    .   A - +15 Maxwell's patent armour {-Cast -Tele rElec MR+ rCorr}
rPois    .         Spirit   .   p - +3 crown of Dyrovepreva {rElec Int+2 SInv}
rElec    +         Reflect  .   (no cloak)
rCorr    +         Harm     .   (no gloves)
MR       ++...     NoTele   +   (no boots) Stlth ..........NoCast +
                                a - amulet of the Rose {Regen+ Str+3 Slay+5}
HPRegen  0.75/turn              v - +6 ring of strength
MPRegen  0.12/turn              w - +6 ring of strength

@: berserking, very quick
A: claws 2, yellow scales 2, rot immunity
a: Berserk, Trog's Hand, Brothers in Arms, Burn Spellbooks, Renounce Religion


You were in the Dungeon.
You worshipped Trog.
Trog was exalted by your worship.
You were very hungry.

You visited 1 branch

Inventory:

Hand Weapons
 B - the +6 battleaxe "Saga" (weapon) {venom, MR+ Int+7}
   (Trog gifted it to you in the Dungeon)

   It poisons the flesh of those it strikes.
   It affects your intelligence (+7).
   It affects your resistance to hostile enchantments.
Armour
 p - the +3 crown of Dyrovepreva (worn) {rElec Int+2 SInv}
   (You found it in the Dungeon)

   It affects your intelligence (+2).
   It insulates you from electricity.
   It lets you see invisible.
 A - the +15 Maxwell's patent armour (worn) {-Cast -Tele rElec MR+ rCorr}
   (You found it in the Dungeon)

   It insulates you from electricity.
   It affects your resistance to hostile enchantments.
   It prevents spellcasting.
   It prevents most forms of teleportation.
   It protects you from acid and corrosion.
Jewellery
 a - the amulet of the Rose (around neck) {Regen+ Str+3 Slay+5}
   (You found it in the Dungeon)

   [amulet of regeneration]

   It affects your strength (+3).
   It affects your accuracy and damage with ranged weapons and melee attacks
   (+5).
   It increases your rate of regeneration.
 v - a +6 ring of strength (left claw)
 w - a +6 ring of strength (right claw)
 C - an uncursed ring of protection from fire
Wands
 x - a wand of disintegration (7)
 y - a wand of iceblast (7)
 z - a wand of acid (7)
Scrolls
 g - 4 scrolls of enchant armour
 i - 4 scrolls of blinking
 q - 7 scrolls of fog
 r - 5 scrolls of identify
 s - 5 scrolls of remove curse
 t - 2 scrolls of fear
Potions
 d - 10 potions of curing
 e - 12 potions of heal wounds
 f - 6 potions of haste
 h - 3 potions of berserk rage
 k - 2 potions of invisibility
 l - 4 potions of resistance
 m - a potion of experience
 n - 5 potions of agility
 o - 5 potions of might
Miscellaneous
 j - a phial of floods
 u - 2 boxes of beasts
 D - a lamp of fire
Comestibles
 c - 7 rations


   Skills:
 + Level 14.7 Fighting
 * Level 18.3 Axes
 + Level 13.4 Armour
 - Level 2.6 Dodging
 - Level 1.7 Stealth


You had 10 spell levels left.
You didn't know any spells.

Dungeon Overview and Level Annotations

Branches:
Dungeon (1/1)

Altars:
Ashenzari
Cheibriados
Dithmenos
Elyvilon
Fedhas
Gozag
Hepliaklqana
Kikubaaqudgha
Makhleb
Nemelex Xobeh
Okawaru
Qazlal
Ru
Sif Muna
Trog
Uskayaw
Vehumet
Wu Jian
Xom
Yredelemnul
Zin
The Shining One
Beogh
Jiyva
Lugonu

Annotations:
D 1 transporter


Innate Abilities, Weirdness & Mutations

You have very sharp fingernails.
You are mostly covered in yellow scales. (AC +3)
You are immune to rotting.


Message History

The vault guard blocks your attack.
You barely miss the vault guard. You slash the shadow dragon!
The vault guard hits you with a war axe!
* * * LOW HITPOINT WARNING * * *
The yaktaur shoots a bolt.
The bolt closely misses you.
You slash the vault guard!
The vault guard is poisoned.
The vault guard is lightly wounded.
You slice the stone giant!!
The stone giant is poisoned.
You slice the vault guard!!
You kill the vault guard!
Trog accepts your kill. Something appears at your feet!
Trog grants you a weapon!
Your life force feels restored.
You slice the shadow dragon!!
The vault guard hits you but does no damage.
The shadow dragon bites you but does no damage.
The shadow dragon claws you but does no damage. x2
The stone giant hits you!!
You die...

▓....©....
▓▓▓▓▓▓▓▓▓▓▓▓▓▓▓▓▓▓▓▓▓▓
▓...8©8...▓...8©8...▓.
▓..[.)..).▓..}.)|:..▓.
▓...}}):..▓..}.|.)..▓.
▓.........▓.........▓.
▓....cc...▓.........▓.
▓...CpDc..▓.........▓.
▓...)@....▓.........▓.
▓..()(....▓...))....▓.
▓.▓.....▓.▓....)....▓.
▓....©(...▓....©....▓▓
▓▓▓▓▓▓▓▓▓▓▓▓▓▓▓▓▓▓▓▓▓


You could see a shadow dragon, a stone giant, a vault guard (berserk) and 3
yaktaurs.

Vanquished Creatures
  A lich (D)
  A yaktaur captain (D)
  2 vault guards (D)
  A vampire mage (D)
  A large abomination (D)
  A necromancer (D)
  A shining eye (D)
  2 ugly things (D)
  A black mamba (D)
  An eye of devastation (D)
  3 rime drakes (D)
  A yaktaur (D)
  An ice devil (D)
  2 freezing wraiths (D)
  4 merfolk (D)
  A polar bear (D)
  3 slime creatures (D)
  2 shadows (D)
  2 vampires (D)
  A golden eye (D)
  2 nagas (D)
  A floating eye (D)
  A porcupine (D)
  An ice beast (D)
  An orc warrior (D)
  A swamp drake (D)
  A necrophage (D)
  A boggart (shapeshifter) (D)
  A wolf (D)
  A big kobold (shapeshifter) (D)
  2 wights (D)
  2 crimson imps (D)
  A jelly (D)
  An iron imp (D)
  An orc priest (D)
  3 orc wizards (D)
  2 adders (D)
  A shadow imp (D)
  A white imp (D)
  An ooze (D)
  2 adder skeletons (D)
  3 adder zombies (D)
  An adder simulacrum (D)
  2 orcs (D)
  A bat zombie (D)
  A ball python (D)
  A leopard gecko skeleton (D)
69 creatures vanquished.

Notes
Turn   | Place    | Note
-------+----------+-------------------------------------------
     0 | D        | Found the +6 Majin-Bo {vamp, Archmagi MP+6 Int+6}
     0 | D        | Found the +7 great mace "Firestarter" {inner flame, rF++}
     0 | D        | sanboga the Demonspawn Monk began the quest for the Orb.
     0 | D        | Reached XP level 1. HP: 18/18 MP: 1/1
     4 | D        | Found a deep blue altar of Sif Muna.
     4 | D        | Found a bloodstained altar of Trog.
     4 | D        | Found a sacrificial altar of Ru.
     4 | D        | Found a stormy altar of Qazlal.
     4 | D        | Found an iron altar of Okawaru.
     5 | D        | Found a sparkling altar of Nemelex Xobeh.
     5 | D        | Found a blossoming altar of Fedhas.
     7 | D        | Found a transporter.
     7 | D        | Found an ancient bone altar of Kikubaaqudgha.
     7 | D        | Found a viscous altar of Jiyva.
     7 | D        | Found a corrupted altar of Lugonu.
     7 | D        | Found a hazy altar of Hepliaklqana.
     7 | D        | Found a burning altar of Makhleb.
     7 | D        | Found an opulent altar of Gozag.
    31 | D        | Found the +9 heavy crossbow "Sniper" {velocity, Acc+∞ SInv}
    31 | D        | Found the +10 dark maul {crush}
    31 | D        | Found the +15 Maxwell's patent armour {-Cast -Tele rElec MR+ rCorr}
    31 | D        | Found the +18 shield of the Gong {rElec rN+ MR+ EV-5}
    31 | D        | Found the cursed +14 obsidian axe {chop, +Fly SInv *Curse}
    52 | D        | Found the +6 shillelagh "Devastator" {shatter}
    52 | D        | Found the +11 plutonium sword {*Contam Stlth-}
    52 | D        | Found the +8 lance "Wyrmbane" {slay drac, rPois rF+ rC+ AC+3}
    52 | D        | Found the +9 sword of Zonguldrok {reap}
    52 | D        | Found the cursed +13 scythe of Curses {drain, *Curse}
    52 | D        | Found the +0 sword of Power
    52 | D        | Found the -2 mace of Variability {chaos}
    52 | D        | Found the +7 Singing Sword
    52 | D        | Found the +7 longbow "Piercer" {penet, EV-2}
    64 | D        | Became a worshipper of Trog the Wrathful
    64 | D        | Reached * piety under Trog
    64 | D        | Reached ** piety under Trog
    94 | D        | Entered arena 2.
    94 | D        | Noticed a porcupine
    94 | D        | Noticed a wolf
    94 | D        | Found a transporter.
    97 | D        | Killed a porcupine
    97 | D        | Reached skill level 5 in Fighting
    97 | D        | Reached skill level 6 in Axes
    97 | D        | Gained mutation: You have sharp fingernails. [demonic ancestry]
    97 | D        | Reached XP level 2. HP: 25/27 MP: 2/2
    97 | D        | Reached XP level 3. HP: 30/33 MP: 3/3
    97 | D        | Reached XP level 4. HP: 36/39 MP: 4/4
    98 | D        | Killed a wolf
    98 | D        | Reached skill level 7 in Axes
    98 | D        | Gained mutation: You are partially covered in yellow scales. (AC +2) [demonic ancestry]
    98 | D        | Reached XP level 5. HP: 43/46 MP: 5/5
   103 | D        | Got the amulet of the Rose {Regen+ Str+3 Slay+5}
   122 | D        | Entered arena 3.
   122 | D        | Noticed a rime drake
   122 | D        | Noticed a swamp drake
   122 | D        | Noticed a rime drake
   122 | D        | Found a transporter.
   129 | D        | Killed a rime drake
   129 | D        | Reached skill level 9 in Axes
   129 | D        | Reached XP level 6. HP: 20/56 MP: 6/6
   131 | D        | Killed a swamp drake
   131 | D        | Reached *** piety under Trog
   131 | D        | Reached skill level 10 in Axes
   133 | D        | Killed a rime drake
   133 | D        | Reached skill level 11 in Axes
   133 | D        | Reached XP level 7. HP: 22/63 MP: 7/7
   209 | D        | Entered arena 4.
   209 | D        | Noticed a brown ugly thing
   209 | D        | Noticed a white ugly thing
   209 | D        | Found a transporter.
   210 | D        | Found the +10 morningstar "Eos" {elec, Halo rElec}
   218 | D        | Killed a brown ugly thing
   218 | D        | Reached **** piety under Trog
   218 | D        | Reached skill level 12 in Axes
   218 | D        | Gained mutation: You are mostly covered in yellow scales. (AC +3) [demonic ancestry]
   218 | D        | Reached XP level 8. HP: 72/72 MP: 8/8
   219 | D        | Killed a brown ugly thing
   219 | D        | Reached skill level 10 in Fighting
   225 | D        | Reached ***** piety under Trog
   264 | D        | Entered arena 5.
   264 | D        | Noticed a merfolk
   264 | D        | Noticed a merfolk
   264 | D        | Noticed a merfolk
   264 | D        | Noticed a merfolk
   264 | D        | Found a transporter.
   265 | D        | Found the cursed -5 robe of Misfortune {-Cast *Contam *Tele *Drain EV-5 Stlth-- *Curse}
   274 | D        | Killed a merfolk
   274 | D        | Reached skill level 13 in Axes
   275 | D        | Killed a merfolk
   275 | D        | Gained mutation: You are immune to rotting. [demonic ancestry]
   275 | D        | Reached XP level 9. HP: 27/79 MP: 9/9
   277 | D        | Killed a merfolk
   277 | D        | Received a gift from Trog
   285 | D        | HP: 3/79 [merfolk/trident (12)]
   287 | D        | Killed a merfolk
   363 | D        | Entered arena 6.
   363 | D        | Noticed a large abomination
   363 | D        | Found a transporter.
   364 | D        | Found the +4 dagger "Morg" {pain, MR+ Int+5}
   372 | D        | Reached skill level 10 in Armour
   373 | D        | Killed a large abomination
   373 | D        | Received a gift from Trog
   373 | D        | Reached skill level 14 in Axes
   402 | D        | Entered arena 7.
   402 | D        | Noticed a black mamba
   403 | D        | Found the +3 crown of Dyrovepreva {rElec Int+2 SInv}
   403 | D        | Found a transporter.
   410 | D        | Reached ****** piety under Trog
   411 | D        | Killed a black mamba
   525 | D        | Entered arena 8.
   526 | D        | Found a transporter.
   531 | D        | Received a gift from Trog
   541 | D        | Got a fine battleaxe {god gift}
   542 | D        | Identified the +6 battleaxe "Saga" {venom, MR+ Int+7} (Trog gifted it to you in the Dungeon)
   546 | D        | Received a gift from Trog
   549 | D        | Got a polished war axe {god gift}
   550 | D        | Identified the +11 war axe of Severance {flame, rN++ MR- Int+3} (Trog gifted it to you in the Dungeon)
   563 | D        | Entered arena 9.
   564 | D        | Found a transporter.
   568 | D        | Reached XP level 10. HP: 57/89 MP: 10/10
   620 | D        | Entered arena 10.
   621 | D        | Found a transporter.
   625 | D        | Received a gift from Trog
   625 | D        | Reached skill level 15 in Axes
   714 | D        | Received a gift from Trog
   728 | D        | Entered arena 11.
   728 | D        | Noticed an eye of devastation
   728 | D        | Noticed a shining eye
   729 | D        | Found a transporter.
   733 | D        | Received a gift from Trog
   737 | D        | Killed a shining eye
   737 | D        | Reached skill level 16 in Axes
   740 | D        | Killed an eye of devastation
   740 | D        | Received a gift from Trog
   779 | D        | Entered arena 12.
   779 | D        | Noticed a vampire mage
   781 | D        | Noticed a necromancer
   783 | D        | Received a gift from Trog
   786 | D        | Killed a vampire mage
   787 | D        | Received a gift from Trog
   788 | D        | Gained mutation: You have very sharp fingernails. [demonic ancestry]
   788 | D        | Reached XP level 11. HP: 85/98 MP: 11/11
   796 | D        | Killed a necromancer
   797 | D        | Found a transporter.
   799 | D        | Received a gift from Trog
   877 | D        | Entered arena 13.
   877 | D        | Noticed a vault guard
   877 | D        | Noticed a lich
   877 | D        | Noticed a shadow dragon
   878 | D        | Noticed a stone giant
   878 | D        | Noticed a vault guard
   878 | D        | Noticed a vault guard
   878 | D        | Noticed a yaktaur captain
   879 | D        | Found a transporter.
   885 | D        | Killed a lich
   885 | D        | Reached skill level 17 in Axes
   887 | D        | Killed a vault guard
   888 | D        | Killed a yaktaur captain
   888 | D        | Reached skill level 18 in Axes
   890 | D        | Killed a vault guard
   890 | D        | Received a gift from Trog
   890 | D        | Slain by a stone giant

Skill      XL: |  1  2  3  4  5  6  7  8  9 10 11 |
---------------+----------------------------------+-----
Fighting       | 5 6 7 8 9 10 12 13 14 | 14.7
Axes           | 6 7 9 11 12 13 14 16 18 | 18.3
Armour         | 3 4 6 7 8 9 10 12 13 | 13.4
Dodging        | |  2.6
Stealth        | |  1.7

Action                   |  1- 3 |  4- 6 |  7- 9 | 10-12 || total
-------------------------+-------+-------+-------+-------++-------
Melee: Broad axe         |     3 |    10 |    48 |       ||    61
       Battleaxe         |       |       |     2 |    45 ||    47
Invok: Berserk           |       |       |     1 |     1 ||     2
       Burn Spellbooks   |       |       |     3 |     3 ||     6
  Use: Potion            |       |       |     1 |     1 ||     2
  Eat: Chunk             |       |       |       |     1 ||     1
Armor: Plate armour      |     6 |    10 |    38 |    68 ||   122
Dodge: Dodged            |     1 |     6 |    30 |    39 ||    76
